 Dungeon Crawl Stone Soup version 0.20.1-1-g8b1a95d (webtiles) character file.

2452 bobthegiant the Geomancer (level 9, -6/45 HPs)
             Began as a Gargoyle Earth Elementalist on Dec 1, 2017.
             Was a Follower of Vehumet.
             Mangled by an orc warrior
             ... wielding a cursed +0 halberd
              (20 damage)
             ... on level 6 of the Dungeon.
             The game lasted 00:34:53 (8942 turns).

bobthegiant the Geomancer (GrEE)                    Turns: 8942, Time: 00:34:54

Health: -6/45      AC: 10    Str: 12    XL:     9   Next: 50%
Magic:  12/19      EV: 11    Int: 19    God:    Vehumet [*.....]
Gold:   331        SH:  0    Dex: 10    Spells: 9/22 levels left

rFire    . . .     SeeInvis .   w - +2 dagger (venom)
rCold    + . .     Gourm    .   (no shield)
rNeg     + . .     Faith    .   E - +1 leather armour {rC+}
rPois    ∞         Spirit   .   f - +0 helmet
rElec    +         Reflect  .   (no cloak)
rCorr    .         Harm     .   (no gloves)
MR       .....                  (no boots)
Stlth    +++.......             (no amulet)
Regen    0.2/turn               n - +4 ring of slaying
MPRegen  0.2/turn               G - ring of stealth

@: no status effects
A: negative energy resistance 1, electricity resistance, unbreathing,
petrification resistance, rot immunity, AC +5
a: Renounce Religion


You were on level 6 of the Dungeon.
You worshipped Vehumet.
Vehumet was aware of your devotion.
You were not hungry.

You visited 2 branches of the dungeon, and saw 8 of its levels.

You collected 331 gold pieces.

Inventory:

Hand Weapons
 g - a +0 dagger
 p - a +1 vampiric dagger
 w - a +2 dagger of venom (weapon)
 y - a +0 flail
 D - a +2 short sword of flaming
Missiles
 b - 36 stones (quivered)
Armour
 f - a +0 helmet (worn)
 B - a +0 robe
 E - a +1 leather armour of cold resistance (worn)
Jewellery
 n - a +4 ring of slaying (left hand)
 G - a ring of stealth (right hand)
Wands
 z - a wand of flame (35/48)
 C - a wand of flame (13/48)
 F - a wand of polymorph (24/24)
 H - a wand of digging (9/24)
Scrolls
 a - 2 scrolls of teleportation
 c - a scroll of recharging
 i - a scroll of enchant armour {unknown}
 t - a scroll of remove curse
 u - a scroll of amnesia {unknown}
Potions
 h - a potion of brilliance {unknown}
 j - a potion of haste {unknown}
 k - a potion of might {unknown}
 l - 2 potions of mutation
 o - 2 potions of agility
 q - 2 potions of resistance {unknown}
 r - a potion of lignification {unknown}
 s - 3 potions of heal wounds
 A - 2 potions of flight {unknown}
Books
 e - a book of Geomancy

   Spells                             Type                      Level
   a - Sandblast                      Earth                        1
   b - Passwall                       Transmutation/Earth          2
   c - Stone Arrow                    Conjuration/Earth            3
   d - Petrify                        Transmutation/Earth          4
   e - Lee's Rapid Deconstruction     Earth                        5
Comestibles
 d - 5 bread rations
 m - 3 meat rations
 v - 2 fruits
 x - 2 royal jellies


   Skills:
 - Level 1.5 Dodging
 - Level 2.1 Stealth
 + Level 7.0 Spellcasting
 + Level 7.5 Conjurations
 - Level 0.7 Transmutations
 + Level 9.4 Earth Magic


You had 9 spell levels left.
You knew the following spells:

 Your Spells              Type           Power        Failure   Level  Hunger
a - Sandblast             Erth           #####.       1%          1    None
b - Stone Arrow           Conj/Erth      #####.       1%          3    #......
c - Lee's Rapid Deconstr  Erth           #####.....   7%          5    #####..
d - Petrify               Tmut/Erth      ####....     16%         4    ###....


Dungeon Overview and Level Annotations

Branches:
Dungeon (7/15)             Temple (1/1) D:7

Altars:
Cheibriados
Qazlal
Ru
Trog
Vehumet
Yredelemnul
Zin
The Shining One

Shops:
D:7 [

Annotations:
D:7 exclusion: upstairs


Innate Abilities, Weirdness & Mutations

You are resistant to torment.
Your stone body is resilient. (AC +5)
You are immune to poison.
You resist negative energy. (rN+)
You are resistant to electric shocks. (rElec)
You can survive without breathing.
You are immune to petrification.
You are immune to rotting.


Message History

Confirm with . or Enter, or press ? or * to list all spells.
Aiming: Sandblast
Press: ? - help, Shift-Dir - straight line, f/p - orc warrior
Aim: an orc warrior, wielding a halberd and wearing a plate armour (heavily wounded)
The blast of sand hits the orc.
You kill the orc!
Vehumet accepts your kill.
b - 37 stones The orc warrior hits you from afar with a halberd.
* * * LOW HITPOINT WARNING * * *
Casting: Sandblast
Confirm with . or Enter, or press ? or * to list all spells.
Aiming: Sandblast
Press: ? - help, Shift-Dir - straight line, f/p - orc warrior
Aim: an orc warrior, wielding a halberd and wearing a plate armour (moderately wounded)
The blast of sand hits the orc warrior.
The orc warrior is almost dead.
b - 36 stones The orc warrior hits you from afar with a halberd!!
You die...

#.# #.# #.#
###.#######
.........#
#........#
#####........#
###.)@..>......#
#..o####.......#
#.!.....#.......#
#####.#.#.......#
o# #.......# o#
#.####### .# #.#
.# #.# .#


You could see an orc warrior.

Vanquished Creatures
  2 orc warriors (D:7)
  A phantom (D:7)
  A black bear (D:7)
  A necrophage (D:6)
  An ogre (D:7)
  2 centaurs
  A big kobold (D:7)
  5 bullfrogs
  A scorpion (D:5)
  A howler monkey (D:6)
  A crimson imp (D:7)
  A quasit (D:7)
  6 hounds
  A bullfrog skeleton (D:7)
  4 orc priests
  8 orc wizards
  4 iguanas
  Natasha (thrice) (D:4)
  6 worker ants
  A howler monkey zombie (D:5)
  3 gnolls (D:4)
  12 adders
  A shadow imp (D:5)
  2 oozes
  4 adder skeletons
  3 worms
  4 dart slugs
  3 leopard geckos
  31 orcs
  2 ball pythons
  10 bats
  2 giant cockroaches
  11 goblins
  12 hobgoblins
  2 jackals (D:1)
  14 kobolds
  3 quokkas
  A ball python zombie (D:5)
  4 frilled lizards
  A leopard gecko skeleton (D:7)
  A leopard gecko zombie (D:5)
  6 rats
183 creatures vanquished.

Notes
Turn   | Place    | Note
-------+----------+-------------------------------------------
     0 | D:1      | bobthegiant the Gargoyle Earth Elementalist began the quest for the Orb.
     0 | D:1      | Reached XP level 1. HP: 10/10 MP: 3/3
   363 | D:1      | Reached XP level 2. HP: 11/15 MP: 5/5
   561 | D:1      | Reached skill level 4 in Earth Magic
   807 | D:1      | Reached XP level 3. HP: 6/19 MP: 5/7
  1101 | D:1      | Learned a level 3 spell: Stone Arrow
  2133 | D:2      | Reached XP level 4. HP: 24/24 MP: 8/8
  2659 | D:2      | Reached skill level 1 in Conjurations
  2659 | D:2      | Reached skill level 5 in Earth Magic
  2900 | D:3      | Reached XP level 5. HP: 28/28 MP: 2/10
  3504 | D:3      | Learned a level 5 spell: Lee's Rapid Deconstruction
  4152 | D:3      | Reached XP level 6. HP: 20/32 MP: 10/12
  4384 | D:4      | Reached skill level 6 in Earth Magic
  4614 | D:4      | Noticed Natasha
  4633 | D:3      | Reached XP level 7. HP: 9/36 MP: 3/13
  5135 | D:4      | Killed Natasha
  5186 | D:4      | Noticed Natasha
  5191 | D:4      | Killed Natasha
  5443 | D:4      | Noticed Natasha
  5527 | D:4      | Killed Natasha
  5939 | D:4      | Reached skill level 5 in Spellcasting
  6205 | D:5      | Entered Level 5 of the Dungeon
  6367 | D:5      | Reached skill level 7 in Earth Magic
  6517 | D:5      | Reached XP level 8. HP: 40/41 MP: 11/15
  6561 | D:5      | Reached skill level 5 in Conjurations
  7404 | D:7      | Reached skill level 8 in Earth Magic
  7760 | D:7      | Found a staircase to the Ecumenical Temple.
  7771 | Temple   | Entered the Ecumenical Temple
  7783 | Temple   | Became a worshipper of Vehumet
  7830 | D:7      | Reached XP level 9. HP: 14/45 MP: 1/18
  8417 | D:7      | Reached skill level 9 in Earth Magic
  8794 | D:7      | Reached * piety under Vehumet
  8794 | D:7      | Offered knowledge of Freeze by Vehumet.
  8800 | D:7      | Learned a level 4 spell: Petrify
  8816 | D:7      | Found Cegouwid's Antique Armour Shoppe.
  8839 | D:7      | Found a glowing golden altar of the Shining One.
  8942 | D:6      | Mangled by an orc warrior

Skill      XL: |  1  2  3  4  5  6  7  8  9 |
---------------+----------------------------+-----
Earth Magic    | 4 5 6 7 8 9 |  9.4
Spellcasting   | 3 4 5 6 7 |  7.0
Conjurations   | 1 2 3 4 6 7 |  7.5
Dodging        | |  1.5
Stealth        | |  2.1
Transmutations | |  0.7

Action                   |  1- 3 |  4- 6 |  7- 9 || total
-------------------------+-------+-------+-------++-------
Melee: Dagger            |   152 |   131 |   155 ||   438
       Unarmed           |     5 |       |       ||     5
Throw: Stone             |       |     2 |       ||     2
 Cast: Sandblast         |    17 |    39 |   104 ||   160
       Stone Arrow       |       |    21 |    51 ||    72
  Use: Scroll            |       |       |     9 ||     9
 Stab: Sleeping          |     2 |     4 |       ||     6
  Eat: Chunk             |     4 |    10 |    15 ||    29
       Fruit             |       |       |     1 ||     1
Armor: Robe              |    52 |    80 |    31 ||   163
       Leather armour    |       |       |    73 ||    73
Dodge: Dodged            |    97 |   123 |   131 ||   351
